 Dungeon Crawl Stone Soup version 0.23-a0-143-g1adec7b (webtiles) character file.

252111 EvilAliv3 the Severer (level 20, -3/194 HPs)
             Began as a Naga Berserker on Aug 31, 2018.
             Was an Elder of Trog.
             Killed by divine providence
             ... invoked by a deep elf high priest
              (13 damage)
             ... on level 3 of the Elven Halls on Sept 3, 2018.
             The game lasted 06:20:29 (41946 turns).

EvilAliv3 the Severer (Naga Berserker)             Turns: 41946, Time: 06:20:30

Health: -3/194     AC: 20    Str: 29    XL:     20   Next: 12%
Magic:  26/26      EV:  9    Int:  3    God:    Trog [****..]
Gold:   4522       SH: 23    Dex: 21    Spells: 19/19 levels left

rFire    + + .     SeeInvis +   b - +11 broad axe "Tipt" {chop, *Corrode rN+ Dex+3}
rCold    + + .     Gourm    .   e - +2 large shield
rNeg     + . .     Faith    .   V - +4 chain mail
rPois    +         Spirit   .   y - +2 helmet
rElec    .         Reflect  +   P - scarf {rC+ rF+}
rCorr    .         Harm     .   d - +4 pair of gloves "Pecesuh" {MR- Dex+5}
MR       ++++.                  W - +2 naga barding {Stlth+}
Stlth    +++++.....             A - +4 amulet of reflection
HPRegen  0.42/turn              O - ring "Nurhiomu" {+Fly rF+ MR++ AC+1 Dex-2}
MPRegen  0.20/turn              K - ring "Amaxu" {rC+ MR+ Str+4}

@: corroded, berserk cooldown, slowed, studying 3 skills, very slow
A: large, see invisible, deformed body, dopey 2, poison resistance, slowness 2,
slow metabolism 1, spit poison 1, constrict 1, AC +6
}: 1/15 runes: gossamer
a: Spit Poison, Berserk, Trog's Hand, Brothers in Arms, Renounce Religion, Evoke
Flight


You were on level 3 of the Elven Halls.
You worshipped Trog.
Trog was greatly pleased with you.
You were near starving.

You visited 5 branches of the dungeon, and saw 30 of its levels.
You also visited: Trove, Sewer, Ice Cave and Wizlab.

You collected 5041 gold pieces.
You spent 519 gold pieces at shops.

Inventory:

Hand Weapons
 a - the +10 dagger of the Modern Princes {venom, rPois}
   (You bought it in a shop on level 1 of the Elven Halls)

   It poisons the flesh of those it strikes.
   It protects you from poison.
 b - the +11 broad axe "Tipt" (weapon) {chop, *Corrode rN+ Dex+3}
   (You found it in a treasure trove)

   It inflicts extra damage upon your enemies.
   It affects your dexterity (+3).
   It protects you from negative energy.
   It may corrode you when you take damage.
 X - the +7 dagger "Ineifaob" {holy, rN+ MR++ Int-5}
   (Trog gifted it to you on level 15 of the Dungeon)

   It has been blessed by the Shining One to cause great damage to the undead
   and demons.
   It affects your intelligence (-5).
   It protects you from negative energy.
   It affects your resistance to hostile enchantments.
Missiles
 k - 12 javelins of returning
 p - 2 steel javelins
 q - 7 tomahawks of dispersal
 r - 6 throwing nets
 w - 10 steel tomahawks
 F - 14 poisoned tomahawks (quivered)
Armour
 d - the +4 pair of gloves "Pecesuh" (worn) {MR- Dex+5}
   (You acquired it on level 1 of the Elven Halls)

   It affects your dexterity (+5).
   It affects your resistance to hostile enchantments.
 e - a +2 large shield (worn)
 y - a +2 helmet (worn)
 P - a scarf of resistance (worn)
 V - a +4 chain mail (worn)
 W - a +2 naga barding of stealth (worn)
Jewellery
 A - a +4 amulet of reflection (around neck)
 K - the ring "Amaxu" (right hand) {rC+ MR+ Str+4}
   (You bought it in a shop on level 1 of the Elven Halls)

   [ring of protection from cold]

   It affects your strength (+4).
   It protects you from cold.
   It affects your resistance to hostile enchantments.
 O - the ring "Nurhiomu" (left hand) {+Fly rF+ MR++ AC+1 Dex-2}
   (You found it in an ice cave)

   [ring of protection]

   It affects your AC (+1).
   It affects your dexterity (-2).
   It protects you from fire.
   It affects your resistance to hostile enchantments.
   It lets you fly.
 R - an uncursed ring of resist corrosion
Wands
 i - a wand of acid (21)
 t - a wand of disintegration (10)
 B - a wand of digging (24)
 E - a wand of iceblast (33)
 N - a wand of clouds (4)
 U - a wand of paralysis (26)
Scrolls
 f - 6 scrolls of enchant weapon
 g - 6 scrolls of fear
 j - 2 scrolls of magic mapping
 m - 5 scrolls of teleportation
 C - a scroll of brand weapon
 D - 5 scrolls of remove curse
 I - 4 scrolls of enchant armour
 J - 5 scrolls of identify
 S - 4 scrolls of blinking
 Y - 2 scrolls of summoning
Potions
 h - a potion of invisibility
 o - a potion of might
 s - 3 potions of haste
 u - 8 potions of curing
 v - 3 potions of agility
 G - 6 potions of cancellation
 T - 2 potions of heal wounds
Books
 n - a manual of Stealth
 L - a manual of Short Blades
 Z - a manual of Fighting
Miscellaneous
 l - a phial of floods (inert)
 x - a lightning rod (4/4)
 z - a sack of spiders
 M - a lamp of fire
 Q - a box of beasts
Comestibles
 c - 34 rations


   Skills:
 + Level 15.0 Fighting
 * Level 8.3 Short Blades
 - Level 18.2 Axes
 - Level 8.0 Throwing
 + Level 10.8 Armour
 + Level 10.7 Dodging
 + Level 16.9 Stealth
 + Level 5.7 Shields
 + Level 9.1 Evocations


You had 19 spell levels left.
You didn't know any spells.
Your spell library contained the following spells:

 Spells                   Type           Power        Failure   Level  Hunger
 Sandblast                Erth           #.....       100%        1    ##.....
 Passwall                 Tmut/Erth      #.......     100%        2    ###....
 Stone Arrow              Conj/Erth      #.....       100%        3    ####...
 Petrify                  Tmut/Erth      #.......     100%        4    #####..
 Statue Form              Tmut/Erth      #........    100%        6    #######


Dungeon Overview and Level Annotations

Branches:
Dungeon (15/15)            Temple (0/1) D:6            Lair (6/6) D:8
 Shoals (0/4) Lair:3       Spider (4/4) Lair:4        Slime (0/5) Lair:6
    Orc (2/2) D:9             Elf (3/3) Orc:2        Vaults (0/5) D:13
 Depths (0/5) D:15

Altars:
Dithmenos
Fedhas
Hepliaklqana
Nemelex Xobeh
Okawaru
Sif Muna
Uskayaw
Wu Jian
Xom
Zin
Beogh
Jiyva

Shops:
D:13 *[=   Orc:2 %}[:   Elf:1 *

Annotations:
D:15 exclusion: 2 doors
Elf:2 3 runed doors


Innate Abilities, Weirdness & Mutations

You cannot wear boots.
Your serpentine skin is tough. (AC +6)
You have supernaturally acute eyesight. (SInv)
Armour fits poorly on your strangely shaped body.
Your system is resistant to poisons. (rPois)
You cover ground very slowly.
You have a slow metabolism.
You can spit poison.
You can use your snake-like lower body to constrict enemies.
You are very dopey. (Int -4)


Message History

The ghostly deep elf sorcerer is empowered by the deep elf high priest's aura!
The deep elf elementalist is empowered by the deep elf high priest's aura!
The deep elf sorcerer is empowered by the deep elf high priest's aura! x2
The deep elf elementalist casts a spell at you.
The freezing blast engulfs you! You resist.
* * * LOW HITPOINT WARNING * * *
You block the earth elemental's attack.
You hear a shout!
You feel your anger nearly subside.
You are engulfed in freezing vapours.
You resist.
* * * LOW HITPOINT WARNING * * *
You are no longer berserk.
You are exhausted.
You feel yourself slow down.
You hear rumbling.
The deep elf elementalist gestures at you while chanting.
Some walls begin to move on their own!
The deep elf high priest mumbles some strange prayers to its god against you.
Something smites you!
You die...

##.....e422##
##...3355##
##.*eee##
##1ee##
###e## #
#E#.# E#
#E#§#E#
#E§EE.#
#§@EE.#
#.§.### ##)##
#E# ##
##)#### ###.
##..)..##
###...
##.......##
#.....
#.........#
#.....
#.........#
#.....


You could see 2 deep elf sorcerers, a ghostly deep elf sorcerer, a deep elf
elementalist, a deep elf high priest, 10 earth elementals, a sixfirhy, a
ynoxinul and an ufetubus.

Vanquished Creatures
  A deep elf blademaster (Elf:3)
  The ghost of kaikaun the Bludgeoner, an adept MiBe of Trog (Elf:2)
  Gastronok (D:9)
  A storm dragon (Lair:1)
  3 deep elf sorcerers
  2 frost giants
  3 ghost moths (Spider:4)
  A deep elf elementalist (Elf:3)
  6 emperor scorpions
  2 entropy weavers (Spider:2)
  The ghost of Febuet the Spry, a journeyman DEFE of Vehumet (Spider:4)
  A stone giant (Orc:2)
  A deep elf demonologist (Elf:3)
  2 deep elf annihilators
  3 spark wasps
  2 ettins
  An orange crystal statue (WizLab)
  A deep elf death mage (Elf:1)
  3 deep elf high priests (Elf:3)
  2 fire dragons (D:15)
  2 ice dragons
  3 yaktaur captains (D:15)
  Harold (D:8)
  Erica (Orc:1)
  12 hydras
  6 centaur warriors
  20 two-headed ogres
  9 dancing weapons
  A death knight (D:15)
  A tengu warrior (D:15)
  5 death yaks
  A deep troll earth mage (D:15)
  6 ogre magi
  Urug (Lair:6)
  5 deep elf knights
  A fire crab (shapeshifter) (Elf:2)
  A wizard (D:15)
  3 unseen horrors
  Pikel (D:6)
  3 phantasmal warriors
  2 deep elf archers (Elf:2)
  2 necromancers (Elf:1)
  18 orb spiders
  An orc knight (Orc:2)
  2 lindwurms (Lair:6)
  24 deep elf magi
  2 manticores (D:15)
  25 ugly things
  28 wolf spiders
  An orc sorcerer (Orc:1)
  A salamander (shapeshifter) (D:15)
  7 cyclopes
  2 moths of wrath
  Maurice (D:10)
  A merfolk siren (Lair:3)
  A guardian serpent (Lair:6)
  2 centaur zombies
  10 black mambas
  4 gargoyles
  17 spiny frogs
  5 torpor snails (Lair:6)
  An efreet (D:15)
  2 rime drakes
  6 centaur skeletons
  5 komodo dragons
  20 demonic crawlers
  5 yaktaurs (D:15)
  2 freezing wraiths
  2 kobold demonologists (D:15)
  A queen bee (Spider:2)
  10 trolls
  A tengu conjurer (D:14)
  46 jumping spiders
  4 meliai
  11 polar bears (IceCv)
  3 tyrant leeches (Lair:6)
  A meliai (shapeshifter) (D:15)
  17 hornets
  15 hippogriffs
  8 slime creatures
  10 dream sheep (Lair:5)
  2 meliai zombies
  20 tarantellas
  2 shadows
  An air elemental (Elf:1)
  48 redbacks
  11 wyverns
  A spriggan (shapeshifter) (D:15)
  3 wraiths
  A centaur simulacrum (D:15)
  A fire elemental (Elf:2)
  44 yaks
  3 water elementals
  4 hogs (D:7)
  Eustachio (D:6)
  A steam dragon (D:11)
  A human (D:7)
  4 basilisks
  5 wargs
  2 hungry ghosts
  9 vampire mosquitoes (D:15)
  A soldier ant (D:13)
  7 porcupines
  A porcupine (shapeshifter) (D:15)
  21 water moccasins
  3 sky beasts
  An ice beast (D:9)
  22 orc warriors
  4 phantoms
  2 black bears
  35 ogres
  A slave (D:6)
  An eye of draining (D:9)
  23 wolves
  A boggart (D:15)
  12 crocodiles
  13 centaurs
  8 big kobolds
  4 elf zombies (Elf:1)
  3 earth elementals
  14 bullfrogs
  A wyvern zombie (D:14)
  A wyvern skeleton (D:15)
  4 scorpions
  34 killer bees
  7 wights
  4 electric eels
  A howler monkey (D:3)
  3 bullfrog zombies
  5 crimson imps
  3 quasits
  2 jellies
  9 hounds
  Crazy Yiuf (D:6)
  4 bullfrog skeletons
  13 orc priests
  An iron imp (Spider:1)
  16 orc wizards
  2 iguanas
  7 worker ants
  A hound zombie (D:10)
  2 worker ant zombies
  4 gnolls (D:3)
  A river rat (shapeshifter) (Elf:1)
  10 adders
  A river rat (Sewer)
  5 shadow imps
  12 white imps (D:12)
  An ooze (D:6)
  An adder zombie (D:7)
  2 adder skeletons (D:8)
  4 worms
  18 dart slugs
  6 leopard geckos
  59 orcs
  5 ball pythons
  7 bats
  7 giant cockroaches
  8 goblins
  10 hobgoblins
  7 jackals
  23 kobolds
  6 quokkas
  5 frilled lizards
  A leopard gecko skeleton (D:4)
  A leopard gecko zombie (D:5)
  2 quokka skeletons
  5 rats
  A butterfly (Lair:3)
  2 fungi (Lair:5)
  9 plants
1132 creatures vanquished.

Vanquished Creatures (collateral kills)
  Roxanne (Spider:4)
  A ghost moth (Spider:4)
  An entropy weaver (Spider:4)
  3 wolf spiders (Spider:4)
  2 orb spiders (Spider:4)
  A hornet (Spider:4)
  4 redbacks (Spider:4)
  5 tarantellas (Spider:4)
18 creatures vanquished.

Vanquished Creatures (others)
  A yaktaur captain (D:15)
  A jumping spider (Spider:3)
  3 polar bears (IceCv)
  A redback (Spider:3)
  3 yaks (IceCv)
  A sky beast (D:6)
  3 wolves (IceCv)
  A worker ant zombie (D:6)
  An orc (D:6)
  3 giant cockroaches (D:6)
  3 bushes (Lair:5)
  25 fungi
  44 plants
90 creatures vanquished.

Grand Total: 1240 creatures vanquished

Notes
Turn   | Place    | Note
-------+----------+-------------------------------------------
     0 | D:1      | EvilAliv3 the Naga Berserker began the quest for the Orb.
     0 | D:1      | Reached XP level 1. HP: 21/21 MP: 1/1
   185 | D:1      | Reached XP level 2. HP: 28/28 MP: 2/2
   514 | D:1      | Reached XP level 3. HP: 32/34 MP: 3/3
   660 | D:1      | Reached ** piety under Trog
   781 | D:1      | Reached skill level 4 in Axes
  1298 | D:2      | Reached XP level 4. HP: 26/42 MP: 4/4
  1756 | D:3      | Found a glowing drain.
  1760 | Sewer    | Entered a sewer
  1819 | Sewer    | Noticed a big kobold
  1820 | Sewer    | Noticed a big kobold
  1834 | Sewer    | Killed a big kobold
  1834 | Sewer    | Reached XP level 5. HP: 50/50 MP: 5/5
  1841 | Sewer    | Killed a big kobold
  1841 | Sewer    | Reached skill level 5 in Axes
  1841 | Sewer    | Reached XP level 6. HP: 57/57 MP: 6/6
  2451 | D:3      | Reached XP level 7. HP: 41/66 MP: 7/7
  2459 | D:3      | Reached skill level 6 in Axes
  2722 | D:3      | Found a shadowy altar of Dithmenos.
  2990 | D:4      | Reached *** piety under Trog
  2997 | D:4      | Found a deep blue altar of Sif Muna.
  3255 | D:4      | Reached skill level 5 in Fighting
  3445 | D:4      | Found an iron altar of Okawaru.
  3877 | D:5      | Entered Level 5 of the Dungeon
  3911 | D:5      | Reached XP level 8. HP: 69/74 MP: 8/8
  4293 | D:5      | Reached skill level 7 in Axes
  5238 | D:6      | Noticed Pikel
  5260 | D:6      | Killed Pikel
  5260 | D:6      | Reached skill level 8 in Axes
  5260 | D:6      | Reached XP level 9. HP: 82/82 MP: 9/9
  5471 | D:6      | Noticed Eustachio
  5480 | D:6      | Killed Eustachio
  5598 | D:6      | Found a staircase to the Ecumenical Temple.
  5711 | D:6      | Found a sparkling altar of Nemelex Xobeh.
  5803 | D:6      | Found a runed door.
  5934 | D:6      | Noticed Crazy Yiuf
  5942 | D:6      | Killed Crazy Yiuf
  6307 | D:7      | Found a hazy altar of Hepliaklqana.
  6718 | D:7      | Reached skill level 9 in Axes
  6719 | D:7      | Reached skill level 1 in Throwing
  6719 | D:7      | Reached skill level 5 in Dodging
  6724 | D:7      | Reached skill level 1 in Shields
  7226 | D:8      | Reached XP level 10. HP: 54/94 MP: 5/10
  7723 | D:8      | Found a staircase to the Lair.
  8087 | D:8      | Found a blossoming altar of Fedhas.
  8099 | D:8      | Noticed Harold
  8116 | D:8      | Killed Harold
  8116 | D:8      | Reached skill level 10 in Axes
  8651 | D:9      | Reached skill level 5 in Armour
  8807 | D:9      | Found a staircase to the Orcish Mines.
  8807 | D:9      | Noticed Gastronok
  8899 | D:9      | Noticed a two-headed ogre
  8906 | D:9      | Killed a two-headed ogre
  8906 | D:9      | Reached skill level 1 in Evocations
  9030 | D:9      | Killed Gastronok
  9030 | D:9      | Reached XP level 11. HP: 54/103 MP: 4/13
  9403 | D:9      | Reached **** piety under Trog
  9403 | D:9      | Reached skill level 11 in Axes
  9662 | D:9      | Found an ornate altar of the Wu Jian Council.
  9738 | D:10     | Entered Level 10 of the Dungeon
 10077 | D:10     | Noticed an unseen horror
 10081 | D:10     | Killed an unseen horror
 10095 | D:10     | Noticed a two-headed ogre
 10101 | D:10     | Killed a two-headed ogre
 10277 | D:10     | Noticed Maurice
 10295 | D:10     | Killed Maurice
 10295 | D:10     | Reached skill level 5 in Throwing
 10885 | D:11     | Noticed a red ugly thing
 10920 | D:11     | Killed a red ugly thing
 11036 | D:11     | Reached skill level 12 in Axes
 11036 | D:11     | Reached XP level 12. HP: 106/114 MP: 13/15
 11255 | D:11     | Reached ***** piety under Trog
 11394 | D:11     | Reached skill level 5 in Evocations
 11486 | D:11     | Received a gift from Trog
 12102 | D:12     | Noticed a two-headed ogre
 12107 | D:12     | Killed a two-headed ogre
 12117 | D:12     | Found a frozen archway.
 12167 | IceCv    | Entered an ice cave
 12474 | IceCv    | Received a gift from Trog
 12731 | IceCv    | Noticed a death yak
 12746 | IceCv    | Killed a death yak
 13307 | IceCv    | Noticed a frost giant
 13329 | IceCv    | Reached skill level 13 in Axes
 13736 | IceCv    | Killed a frost giant
 13736 | IceCv    | Gained mutation: You can use your snake-like lower body to
                  | constrict enemies. [Naga growth]
 13736 | IceCv    | Reached XP level 13. HP: 109/123 MP: 3/17
 13815 | IceCv    | Got a fine amber ring
 14173 | D:12     | Identified the ring "Nurhiomu" {+Fly rF+ MR++ AC+1 Dex-2}
                  | (You found it in an ice cave)
 14207 | D:12     | Reached skill level 10 in Fighting
 14924 | D:12     | You fall through a shaft for 2 floors!
 14944 | D:14     | Found a shimmering altar of Xom.
 15233 | D:13     | Found Ikles's Armour Shop.
 15306 | D:13     | Found Nurock's Assorted Antiques.
 15695 | Lair:1   | Entered Level 1 of the Lair of Beasts
 15807 | Lair:1   | Noticed a storm dragon
 15807 | Lair:1   | a seven-headed hydra changed into a storm dragon
 15987 | Lair:1   | Received a gift from Trog
 16438 | Lair:1   | Killed a storm dragon
 16994 | Lair:1   | Reached skill level 14 in Axes
 17816 | Lair:2   | Reached XP level 14. HP: 95/133 MP: 12/19
 18166 | Lair:2   | Identified a scroll of acquirement
 18575 | Lair:3   | Reached skill level 1 in Stealth
 18754 | Lair:3   | Received a gift from Trog
 18830 | Lair:3   | Found a staircase to the Shoals.
 19548 | Lair:4   | Found a hole to the Spider Nest.
 19626 | Lair:4   | Noticed Snorg
 19630 | Lair:4   | Noticed Snorg
 19630 | Lair:4   | Snorg changed into Snorg the cyclops
 19636 | Lair:4   | Killed Snorg the cyclops
 20198 | Lair:5   | Received a gift from Trog
 20906 | Lair:5   | Reached skill level 5 in Stealth
 21139 | Lair:6   | Entered Level 6 of the Lair of Beasts
 21610 | Lair:6   | Received a gift from Trog
 21622 | Lair:6   | Reached skill level 15 in Axes
 21848 | Lair:6   | Reached XP level 15. HP: 123/142 MP: 21/21
 22105 | Lair:6   | Found a runed door.
 22446 | Lair:6   | Found a staircase to the Slime Pits.
 22446 | Lair:6   | Found a viscous altar of Jiyva.
 22465 | Lair:6   | Noticed Urug
 22481 | Lair:6   | Killed Urug
 23793 | Orc:1    | Entered Level 1 of the Orcish Mines
 23796 | Orc:1    | Noticed Erica
 23862 | Orc:1    | Killed Erica
 23862 | Orc:1    | Received a gift from Trog
 24260 | Orc:1    | Found a roughly hewn altar of Beogh.
 24392 | Orc:2    | Entered Level 2 of the Orcish Mines
 24424 | Orc:2    | Received a gift from Trog
 24751 | Orc:2    | Received a gift from Trog
 24995 | Orc:2    | Found a staircase to the Elven Halls.
 25088 | Orc:2    | Found Fozut's Gadget Shop.
 25088 | Orc:2    | Found Desekeoq's Book Shoppe.
 25089 | Orc:2    | Found Daesap's Food Emporium.
 25089 | Orc:2    | Found Ewohef's Armour Shop.
 25155 | Orc:2    | Reached skill level 16 in Axes
 25788 | D:13     | Received a gift from Trog
 25809 | D:13     | Found Leka's Jewellery Emporium.
 25813 | D:13     | Bought a cursed -3 ring of slaying for 24 gold pieces
 25826 | D:13     | Found a gate to the Vaults.
 26208 | D:13     | Found Ikles's Armour Shop.
 26326 | D:13     | Found a gate to the Vaults.
 26331 | D:13     | Found Leka's Jewellery Emporium.
 26618 | D:14     | Found a shimmering altar of Xom.
 26646 | D:14     | Found a shimmering altar of Xom.
 26646 | D:14     | Found a shimmering altar of Xom.
 26647 | D:14     | Found a shimmering altar of Xom.
 26768 | D:14     | Reached XP level 16. HP: 103/152 MP: 22/22
 27114 | D:14     | Found a shimmering altar of Xom.
 27126 | D:14     | Reached skill level 10 in Stealth
 27733 | D:15     | Entered Level 15 of the Dungeon
 28349 | D:15     | Found a glowing silver altar of Zin.
 28350 | D:15     | Found a hide-covered altar of Uskayaw.
 28352 | D:15     | Found a blossoming altar of Fedhas.
 28681 | D:15     | Found a staircase to the Depths.
 28710 | D:15     | Received a gift from Trog
 30036 | D:15     | Reached skill level 17 in Axes
 30271 | D:15     | Reached XP level 17. HP: 106/162 MP: 7/23
 31044 | Spider:1 | Entered Level 1 of the Spider Nest
 31843 | Spider:1 | Received a gift from Trog
 33054 | Spider:2 | Received a gift from Trog
 33795 | Spider:3 | Reached skill level 10 in Dodging
 34230 | Spider:3 | Received a gift from Trog
 34231 | Spider:3 | Reached skill level 10 in Armour
 35571 | Spider:3 | Reached XP level 18. HP: 175/175 MP: 24/24
 35824 | Spider:4 | Entered Level 4 of the Spider Nest
 35841 | Spider:4 | Noticed Roxanne
 35863 | Spider:4 | Killed Roxanne
 35869 | Spider:4 | Identified Roxanne's Guide on Clay (You took it off Roxanne
                  | on level 4 of the Spider Nest)
 35883 | Spider:4 | Found a transporter.
 35896 | Spider:4 | Noticed Febuet's ghost (journeyman DEFE)
 35902 | Spider:4 | Found a transporter.
 36409 | Spider:4 | Reached skill level 18 in Axes
 36590 | Spider:4 | Reached skill level 15 in Stealth
 36737 | Spider:4 | Received a gift from Trog
 37475 | Spider:4 | Received a gift from Trog
 37695 | Spider:4 | Paralysed by a hornet for 1 turns
 37700 | Spider:4 | Got a gossamer rune of Zot
 37923 | Spider:4 | Killed Febuet's ghost
 38362 | D:15     | Received a gift from Trog
 38424 | D:15     | Got a slimy dagger {god gift}
 38614 | Orc:2    | Identified the +7 dagger "Ineifaob" {holy, rN+ MR++ Int-5}
                  | (Trog gifted it to you on level 15 of the Dungeon)
 38836 | D:13     | Bought a runed shield for 210 gold pieces
 39031 | Elf:1    | Entered Level 1 of the Elven Halls
 39145 | Elf:1    | Reached skill level 1 in Short Blades
 39244 | Elf:1    | Found Coekav's Assorted Antiques.
 39253 | Elf:1    | Bought a fine turquoise ring for 95 gold pieces
 39253 | Elf:1    | Bought a scroll of remove curse for 57 gold pieces
 39253 | Elf:1    | Bought a transparent dagger for 133 gold pieces
 39253 | Elf:1    | Identified the +10 dagger of the Modern Princes {venom,
                  | rPois} (You bought it in a shop on level 1 of the Elven
                  | Halls)
 39254 | Elf:1    | Identified the ring "Amaxu" {rC+ MR+ Str+4} (You bought it
                  | in a shop on level 1 of the Elven Halls)
 39300 | Elf:1    | Received a gift from Trog
 39557 | Elf:1    | Received a gift from Trog
 39588 | Elf:1    | Found a portal to a secret trove of treasure.
 39626 | Elf:1    | You paid a toll of 13 scrolls of teleportation to enter a
                  | treasure trove
 39627 | Trove    | Entered a treasure trove
 39641 | Trove    | Got a faintly glowing broad axe
 39650 | Trove    | Got a steaming bone amulet
 39660 | Trove    | Got a distressingly furry shield
 39706 | Elf:1    | Identified the -6 shield of the Flute {rF+ Int+3 Dex+4}
                  | (You found it in a treasure trove)
 39715 | Elf:1    | Identified the amulet "Holugyh" {Harm *Drain Slay+3 SInv}
                  | (You found it in a treasure trove)
 39720 | Elf:1    | Identified the +11 broad axe "Tipt" {chop, *Corrode rN+
                  | Dex+3} (You found it in a treasure trove)
 39726 | Elf:1    | Got a pair of faintly glowing gloves
 39727 | Elf:1    | Identified the +4 pair of gloves "Pecesuh" {MR- Dex+5} (You
                  | acquired it on level 1 of the Elven Halls)
 40173 | Elf:2    | Found a magical portal.
 40177 | WizLab   | Entered Wucad Mu's Monastery
 40324 | WizLab   | Found the +9 staff of Wucad Mu {channel}
 40360 | WizLab   | Reached skill level 5 in Shields
 40360 | WizLab   | Reached XP level 19. HP: 183/183 MP: 21/25
 40701 | Elf:2    | Found a runed gate.
 40701 | Elf:2    | Found a runed gate.
 40701 | Elf:2    | Found a runed gate.
 40703 | Elf:2    | Noticed kaikaun's ghost (adept MiBe)
 40714 | Elf:2    | Killed kaikaun's ghost
 41317 | Elf:2    | Found a runed gate.
 41318 | Elf:2    | Found a runed gate.
 41318 | Elf:2    | Found a runed gate.
 41382 | Elf:3    | Entered Level 3 of the Elven Halls
 41784 | Elf:3    | Reached XP level 20. HP: 149/193 MP: 26/26
 41913 | Elf:3    | Gained mutation: You are dopey. (Int -2) [a neqoxec]
 41922 | Elf:3    | Received a gift from Trog
 41924 | Elf:3    | Reached skill level 15 in Fighting
 41936 | Elf:3    | Gained mutation: You are very dopey. (Int -4) [a neqoxec]
 41946 | Elf:3    | HP: 14/291 [deep elf elementalist] (5)]
 41946 | Elf:3    | Killed from afar by a deep elf high priest

Vault maps used:
D:1:      matt_arrival_los_fun, hex_tiny, minmay_misc_feat_secret_circle
D:3:      nicolae_dithmenos_through_a_glass_darkly, first_ration,
          gup_sewer_entry_bowl, st_stairs_6
D:4:      kennysheep_slugbush, kennysheep_mini_moat, okawaru_metal_pillars_3
D:6:      minmay_temple_entry_poolview, nemelex_lonely_heart_becter,
          uniq_crazy_yiuf_cottage, uniq_eustachio, uniq_pikel
D:7:      old_standard_altar, grunt_livestock, minmay_misc_feat_cross
D:8:      nicolae_overflow_crystal_walls, erik_lair_island,
          minmay_misc_feat_doors, kennysheep_generic_room_4, uniq_harold
D:9:      overflow_temple_1_default, minmay_orc_entry_guard_dogs, uniq_gastronok
D:10:     kennysheep_generic_room_11, uniq_maurice
D:11:     minmay_misc_feat_room
D:12:     portal_ice_cave_entry_imps
D:13:     david_vaults_2, serial_glass, glass_columns_b, glass_columns_b,
          serial_shops, nicolae_shop_overgrown_old_shop, nicolae_shop_stone,
          nicolae_shop_crystal, minmay_misc_feat_tiny
D:14:     serial_bayou, serial_bayou_shore_b, serial_bayou_crossing,
          serial_bayou_pond_e, serial_bayou_pond_d, xom_redecorated
D:15:     hangedman_slaughterboxes, serial_shops
Lair:1:   lemuel_old_faithful, grunt_megastairs_1, lemuel_fruit_tree
Lair:2:   grunt_megastairs_3
Lair:3:   minmay_shoals_entry_lonely_mermaid, grunt_megastairs_5,
          lemuel_fruit_fields, serial_bayou_shore_a
Lair:4:   nicolae_spider_entry_orb_guardian, uniq_snorg
Lair:5:   st_stairs_13, minmay_hedge_maze, small_statue_intersection,
          hangedman_lair_generics_rect, infiniplex_staircase_pool_2
Lair:6:   wormcave, hangedman_lair_tendril_chambers, slime_altar_1,
          serial_bayou_shore_b, uniq_urug
Spider:1: nicolae_crawler_farm
Spider:2: special_room, nicolae_spider_webs_and_nodes
Spider:4: spider_rune_water, gammafunk_ghost_arena, nicolae_spider_circle_web,
          uniq_roxanne
Orc:1:    basic_altar, statue_in_the_mist_lemuel, uniq_erica
Orc:2:    st_orc_ogre_mass
Elf:1:    serial_shops, shop, nicolae_trove_entry_free_sample,
          minmay_elf_necromancy
Elf:2:    ebering_ghost_rock_garden, mu_enter_wizlab_7, uniq_azrael
Elf:3:    minmay_elf_hall_four_x, evilmike_minifort
Trove:    trove_simple
Sewer:    sewer_co_15_rooms
IceCv:    ice_cave_caverns_03
WizLab:   wizlab_wucad

Skill      XL: |  1  2  3  4  5  6  7  8  9 10 11 12 13 14 15 16 17 18 19 20 |
---------------+-------------------------------------------------------------+-----
Axes           | 4 5 6 8 9 10 12 13 14 15 16 17 18 | 18.2
Dodging        | 2 3 4 5 6 7 8 9 10 | 10.7
Fighting       | 4 5 6 7 8 9 10 11 12 14 15 | 15.0
Armour         | 2 3 4 5 6 7 8 9 10 | 10.8
Throwing       | 2 4 5 6 7 8 |  8.0
Shields        | 1 3 4 5 |  5.7
Evocations     | 2 4 6 7 8 9 |  9.1
Stealth        | 6 9 11 14 16 | 16.9
Short Blades   | 6 7 8 |  8.3

Action                   |  1- 3 |  4- 6 |  7- 9 | 10-12 | 13-15 | 16-18 | 19-21 || total
-------------------------+-------+-------+-------+-------+-------+-------+-------++-------
Melee: Hand axe          |    81 |   100 |     6 |       |       |       |       ||   187
       Flail             |       |       |   117 |       |       |       |       ||   117
       War axe           |       |       |   185 |   637 |    49 |       |       ||   871
       Broad axe         |       |       |       |     8 |    39 |   138 |    83 ||   268
       Battleaxe         |       |       |       |       |   829 |  1043 |       ||  1872
       Constrict         |       |       |       |       |   183 |   226 |    18 ||   427
       Dire flail        |       |       |       |       |    23 |    78 |       ||   101
       Great mace        |       |       |       |       |     3 |       |       ||     3
       Dagger            |       |       |       |       |       |    42 |    10 ||    52
Throw: Stone             |     1 |    22 |    13 |    25 |   273 |       |       ||   334
       Tomahawk          |       |       |    15 |     8 |     6 |    35 |     1 ||    65
       Javelin           |       |       |       |     1 |     8 |    26 |       ||    35
Invok: Trog's Hand       |       |     3 |     3 |    13 |    14 |    25 |     1 ||    59
       Berserk           |       |     2 |     5 |    12 |     5 |    10 |     1 ||    35
       Brothers in Arms  |       |       |       |       |       |     5 |       ||     5
 Abil: Spit Poison       |    21 |    21 |    39 |    39 |    31 |    43 |       ||   194
Evoke: Wand              |       |       |       |     5 |    10 |       |       ||    15
       Lamp of fire      |       |       |       |       |       |     1 |       ||     1
       Sack of spiders   |       |       |       |       |       |     1 |       ||     1
       Phial of floods   |       |       |       |       |       |       |     1 ||     1
  Use: Scroll            |       |     4 |    10 |    18 |    12 |    20 |       ||    64
       Potion            |       |       |       |     4 |     6 |     4 |       ||    14
 Stab: Distracted        |     1 |       |       |     2 |     1 |     3 |       ||     7
       Sleeping          |       |     2 |       |       |     2 |     8 |     9 ||    21
       Held in net/web   |       |       |       |       |       |     1 |       ||     1
  Eat: Chunk             |     2 |     7 |    15 |    24 |    34 |    18 |     2 ||   102
       Ration            |       |       |     2 |     4 |     5 |    13 |       ||    24
Armor: Animal skin       |    13 |    16 |       |       |       |       |       ||    29
       Leather armour    |       |     1 |    28 |   251 |    74 |       |       ||   354
       Ring mail         |       |       |    86 |       |       |       |       ||    86
       Chain mail        |       |       |       |       |   118 |   132 |    48 ||   298
       Plate armour      |       |       |       |       |   388 |  1265 |       ||  1653
       Troll leather arm |       |       |       |       |    53 |       |       ||    53
Dodge: Dodged            |    63 |    47 |   145 |   312 |   345 |   532 |    15 ||  1459
Block: Buckler           |       |       |     3 |   118 |       |       |       ||   121
       Other             |       |       |       |       |    36 |   210 |       ||   246
       Reflection        |       |       |       |       |     1 |     7 |     3 ||    11
       Shield            |       |       |       |       |       |   141 |    25 ||   166
       Large shield      |       |       |       |       |       |       |    52 ||    52

Table legend:
 A = Non-vault XP
 B = Vault XP
 C = Vault XP percentage of total XP
 D = Non-vault monster count
 E = Vault monster count
 F = Vault count percentage of total count
                 A         B        C        D         E       F
            +---------+---------+-------+---------+---------+-------
      Total |  171836 |  158410 |  48.0 |     718 |     421 |  37.0
            +---------+---------+-------+---------+---------+-------
        D:1 |      57 |       0 |   0.0 |      28 |       0 |   0.0
        D:2 |      36 |       0 |   0.0 |      13 |       0 |   0.0
        D:3 |     168 |      12 |   6.7 |      24 |       5 |  17.2
        D:4 |     335 |      48 |  12.5 |      16 |      12 |  42.9
        D:5 |     626 |       0 |   0.0 |      16 |       0 |   0.0
        D:6 |     529 |     922 |  63.5 |      10 |       3 |  23.1
        D:7 |     385 |     979 |  71.8 |      11 |       5 |  31.2
        D:8 |     673 |    1740 |  72.1 |      13 |      10 |  43.5
        D:9 |    2115 |    2763 |  56.6 |      24 |       5 |  17.2
       D:10 |    3977 |     622 |  13.5 |      33 |       2 |   5.7
       D:11 |    5699 |       0 |   0.0 |      59 |       0 |   0.0
       D:12 |    6450 |     125 |   1.9 |      30 |      12 |  28.6
       D:13 |    3773 |    2682 |  41.5 |      15 |       3 |  16.7
       D:14 |   16373 |       0 |   0.0 |      54 |       0 |   0.0
       D:15 |     961 |   46351 |  98.0 |       2 |      97 |  98.0
     Lair:1 |    6887 |    2539 |  26.9 |      22 |       4 |  15.4
     Lair:2 |    2910 |      90 |   3.0 |      15 |       1 |   6.2
     Lair:3 |    1941 |     935 |  32.5 |       9 |       3 |  25.0
     Lair:4 |    3922 |    1139 |  22.5 |      17 |       2 |  10.5
     Lair:5 |    9560 |    3554 |  27.1 |      30 |       6 |  16.7
     Lair:6 |    6262 |   17323 |  73.4 |      26 |      52 |  66.7
   Spider:1 |   18346 |    2112 |  10.3 |      48 |       7 |  12.7
   Spider:2 |   14896 |    2574 |  14.7 |      35 |      26 |  42.6
   Spider:3 |   20125 |       0 |   0.0 |      54 |       0 |   0.0
   Spider:4 |   10245 |   24859 |  70.8 |      26 |      52 |  66.7
      Orc:1 |    2370 |     950 |  28.6 |      16 |       1 |   5.9
      Orc:2 |    6052 |   15425 |  71.8 |      31 |      37 |  54.4
      Elf:1 |    4898 |    2748 |  35.9 |      12 |       7 |  36.8
      Elf:2 |   16426 |    4547 |  21.7 |      22 |       6 |  21.4
      Elf:3 |    4839 |   12433 |  72.0 |       7 |       8 |  53.3
      Sewer |       0 |     471 | 100.0 |       0 |      17 | 100.0
      IceCv |       0 |    9312 | 100.0 |       0 |      37 | 100.0
     WizLab |       0 |    1155 | 100.0 |       0 |       1 | 100.0
            +---------+---------+-------+---------+---------+-------
